 Dungeon Crawl Stone Soup version 0.26.1-11-gd32895ea62 (webtiles) character file.

Game seed: 15106429777574011612

739 bnorton916 the Shield-Bearer (level 8, -14/63 HPs)
             Began as a Formicid Fighter on June 27, 2021.
             Demolished by an iguana (15 damage)
             ... on level 6 of the Dungeon.
             The game lasted 00:09:26 (4916 turns).

bnorton916 the Shield-Bearer (Formicid Fighter)     Turns: 4916, Time: 00:09:26

Health: -14/63     AC:  0    Str: 23    XL:     8   Next: 4%
Magic:  8/8        EV:  8    Int:  8    God:
Gold:   306        SH: 10    Dex: 10    Spells: 7/7 levels left

rFire    + . .     SeeInvis +   a - +0 war axe
rCold    + . .     Faith    .   c - +0 kite shield
rNeg     . . .     Spirit   .   b - +0 scale mail
rPois    .         Reflect  .   (helmet unavailable)
rElec    .         Harm     .   w - scarf {rC+ rF+}
rCorr    .         Rampage  .   (no gloves)
Will     .....                  o - +0 pair of boots
Stlth    ..........             (no amulet)
HPRegen  0.20/turn              u - ring of wizardry
MPRegen  0.11/turn              (no ring)

@: corroded
A: permanent stasis, dig shafts and tunnels, four strong arms, antennae 3
a: Dig, Shaft Self


You were on level 6 of the Dungeon.
You visited 1 branch of the dungeon, and saw 7 of its levels.
You also visited: Sewer.

You collected 306 gold pieces.

Inventory:

Hand Weapons
 a - a +0 war axe (weapon)
Armour
 b - a +0 scale mail (worn)
 c - a +0 kite shield (worn)
 o - a +0 pair of boots (worn)
 w - a scarf of resistance (worn)
Jewellery
 u - a ring of wizardry (left hand)
Scrolls
 g - a scroll of blinking {unknown}
 h - 3 scrolls of fear
 i - 4 scrolls of amnesia
 j - 2 scrolls of immolation {unknown}
 k - a scroll of magic mapping
 l - 2 scrolls of teleportation
 n - 2 scrolls of remove curse
 p - a scroll of enchant weapon {unknown}
 s - a scroll of fog
Potions
 d - 3 potions of might
 e - 3 potions of curing
 f - 3 potions of heal wounds
 m - 3 potions of magic {unknown}
 q - a potion of ambrosia {unknown}
 r - 2 potions of degeneration {unknown}
 t - 2 potions of lignification
 v - a potion of brilliance {unknown}
 x - a potion of cancellation


   Skills:
 + Level 5.6 Fighting
 + Level 4.5 Axes
 + Level 5.5 Armour
 + Level 6.1 Shields


You had 7 spell levels left.
You didn't know any spells.
Your spell library was empty.

Dungeon Overview and Level Annotations

Branches:
Dungeon (7/15)             Temple (0/1) D:5           Sewer (visited)

Altars:


Innate Abilities, Weirdness & Mutations

You cannot be hasted, slowed, berserked, paralysed or teleported.
You can dig through walls and to a lower floor.
Your four strong arms can wield two-handed weapons with a shield.
You have a pair of large antennae on your head. (SInv)


Message History

The jelly quivers.
You slash the jelly!
Your hands burn!
The jelly is heavily wounded.
You block the jelly's attack. x2
You hit the jelly. The acid corrodes you!
Your hands burn!
The jelly is severely wounded.
The jelly barely misses you.
You hit the jelly. The acid corrodes you!
Your hands burn!
The jelly is almost dead.
The jelly hits you.
You are splashed with acid!
You hit the jelly.
You kill the jelly!
The iguana bites you!
You closely miss the iguana. The iguana bites you.
You closely miss the iguana. The iguana bites you!
* * * LOW HITPOINT WARNING * * *
You barely miss the iguana. The iguana bites you!
* * * LOW HITPOINT WARNING * * *
You hit the iguana but do no damage. The iguana bites you!
You die...

#.# ###... ## #####.###
#....# #. .......# #....# {
#. ......# +....+ #. ....)
#....# #. ... #....# #.
########## #l######....#####.
#........###@#...............
#..[.....#...#..............#
#........'...+..............#
#........#...#..............#
#.<......#+###..............#
########.......#+##+#.......#
#.......'....#.......#
#....^..#....#.......#
#.......#..[.#.......'


You could see an iguana.

Vanquished Creatures
  Eustachio (D:5)
  A necrophage (D:2)
  A bullfrog (D:6)
  2 scorpions
  A water moccasin skeleton (D:4)
  A centaur zombie (D:2)
  A hound (D:3)
  A jelly (D:6)
  An orc wizard (D:3)
  A worker ant (D:4)
  6 adders
  11 leopard geckos
  4 orcs (D:3)
  7 giant cockroaches
  6 goblins
  8 hobgoblins
  12 jackals
  6 ball pythons
  10 bats
  5 frilled lizards
  12 kobolds
  A quokka skeleton (D:5)
  2 quokka zombies
  14 rats
115 creatures vanquished.

Vanquished Creatures (others)
  31 plants
31 creatures vanquished.

Grand Total: 146 creatures vanquished

Notes
Turn   | Place    | Note
-------+----------+-------------------------------------------
     0 | D:1      | bnorton916 the Formicid Fighter began the quest for the
                  | Orb.
     0 | D:1      | Reached XP level 1. HP: 18/18 MP: 1/1
   116 | D:1      | Reached XP level 2. HP: 21/24 MP: 2/2
   952 | D:2      | Reached skill level 4 in Shields
   952 | D:2      | Reached XP level 3. HP: 30/30 MP: 3/3
   981 | D:2      | Reached XP level 4. HP: 31/37 MP: 4/4
  1524 | D:2      | Noticed a necrophage
  1535 | D:2      | Killed a necrophage
  1536 | D:2      | Reached XP level 5. HP: 37/43 MP: 5/5
  1756 | D:3      | Reached XP level 6. HP: 38/49 MP: 6/6
  2040 | D:3      | Reached skill level 5 in Shields
  3442 | D:4      | Reached skill level 5 in Fighting
  3442 | D:4      | Reached XP level 7. HP: 54/56 MP: 7/7
  3592 | D:5      | Entered Level 5 of the Dungeon
  3642 | D:5      | Noticed Eustachio
  3702 | D:5      | Killed Eustachio
  3703 | D:5      | Reached skill level 5 in Armour
  3713 | D:5      | Found a glowing drain.
  3756 | Sewer    | Entered a sewer
  4417 | D:5      | You fall into a shaft and drop 2 floors!
  4630 | D:6      | Reached skill level 6 in Shields
  4630 | D:6      | Reached XP level 8. HP: 40/63 MP: 8/8
  4915 | D:6      | HP: 1/63 [iguana (14)]
  4916 | D:6      | Demolished by an iguana

Illustrated notes

Levels and vault maps discovered:
D:1:      lightli_arrival_isolated_outpost, layout_basic, minmay_pentomino_v4
D:2:      layout_loops_cross, minmay_misc_feat_iff, minmay_split_cup_small
D:3:      layout_loops_ring
D:4:      layout_basic
D:5:      layout_basic, minmay_temple_entry_gardened_gates,
          gup_sewer_entry_pipe, minmay_crystal_room, uniq_eustachio,
          uniq_crazy_yiuf_cottage
D:6:      layout_gridville, basic_altar, nemelex_dance_club_becter
D:7:      gammafunk_corrupted_shrine, layout_gridville, elyvilon_altar_3

Skill      XL: |  1  2  3  4  5  6  7 |
---------------+----------------------+-----
Shields        | 4 5 6 |  6.1
Fighting       | 4 5 |  5.6
Axes           | 3 4 |  4.5
Armour         | 4 5 |  5.5

Action                   |  1- 3 |  4- 6 |  7- 9 || total
-------------------------+-------+-------+-------++-------
Melee: War axe           |    72 |   168 |   209 ||   449
Throw: Dart              |       |       |     7 ||     7
       Javelin           |       |       |     2 ||     2
       Throwing net      |       |       |     1 ||     1
 Abil: Dig               |       |     1 |    14 ||    15
       Shaft Self        |       |       |     1 ||     1
  Use: Scroll            |       |       |    10 ||    10
Armor: Scale mail        |    53 |    78 |    80 ||   211
Dodge: Dodged            |    26 |    67 |    59 ||   152
Block: Kite shield       |    42 |   114 |   121 ||   277
